 Dungeon Crawl Stone Soup version 0.29.0-4-gdea44cf6ec (webtiles) character file.

Game seed: 75739811735949181

4120 qw the Grappler (level 10, -2/96 HPs)
             Began as a Troll Cinder Acolyte on Sept 2, 2022.
             Was a Priest of Ignis.
             Shot with an arrow by a centaur (6 damage)
             ... on level 9 of the Dungeon.
             The game lasted 00:03:25 (6189 turns).

qw the Grappler (Troll Cinder Acolyte)              Turns: 6189, Time: 00:03:25

Health: -2/96      AC: 18    Str: 25    XL:     10   Next: 6%
Magic:  10/10      EV:  5    Int: 14    God:    Ignis [***...]
Gold:   352        SH:  0    Dex:  4    Spells: 11/11 levels left

rFire   + . .      SeeInvis .     - Unarmed
rCold   + . .      Faith    .   (no shield)
rNeg    . . .      Spirit   .   m - +1 steam dragon scales
rPois   .          Reflect  .   (helmet restricted)
rElec   .          Harm     .   i - +2 cloak
rCorr   .          Rampage  .   (gloves unavailable)
Will    .....                   (boots unavailable)
Stlth   +.........              g - amulet of regeneration
HPRegen 1.86/turn               b - ring of protection from cold
MPRegen 0.12/turn               (no ring)

@: lethally poisoned (-2 -> -4), marked, fiery-armoured, held
A: large, unfitting armour, claws 3, regeneration 1, shaggy fur 1, tough skin 1,
clever 1, weak 1, wild magic 1
a: Renounce Religion, Fiery Armour, Foxfire Swarm, Rising Flame


You were on level 9 of the Dungeon.
You worshipped Ignis.
Ignis was most pleased with you.
You visited 1 branch of the dungeon, and saw 9 of its levels.

You collected 352 gold pieces.


Innate Abilities, Weirdness & Mutations

You are too large for most types of armour.
You have claws for hands.
Your natural rate of healing is unusually fast.
You are covered in fur. (AC +1)
You have tough skin. (AC +1)
Your mind is acute. (Int +4, Str/Dex -1)
You are weak. (Str -2)
Your spells are a little harder to cast, but a little more powerful.


   Skills:
 - Level 5.0 Fighting
 - Level 4.9 Throwing
 - Level 1.3 Armour
 - Level 1.3 Dodging
 + Level 12.4 Unarmed Combat
 - Level 1.0 Spellcasting
 - Level 2.1 Fire Magic


You had 11 spell levels left.
You didn't know any spells.
Your spell library contained the following spells:

 Spells                   Type           Power      Damage    Failure   Level
 Scorch                   Fire           16%        2d5       22%         2

Inventory:

Missiles
 h - 8 boomerangs
 p - 2 javelins (quivered)
Armour
 a - the +1 robe of Day {Will+ Slay+3}
   (You found it on level 9 of the Dungeon)

   Slay:      It affects your accuracy & damage with ranged weapons and melee
   (+3).
   Will:      It increases your willpower.
 i - a +2 cloak (worn)
 m - +1 steam dragon scales (worn)
Jewellery
 b - a ring of protection from cold (left claw)
 g - an amulet of regeneration (around neck)
Scrolls
 f - a scroll of identify
 n - a scroll of enchant weapon
Potions
 c - 3 potions of might
 e - 3 potions of curing
 j - a potion of haste
 k - a potion of cancellation {unknown}
 l - 2 potions of mutation
 o - a potion of ambrosia {unknown}

Dungeon Overview and Level Annotations

Branches:
Dungeon (9/15)             Temple (0/1) D:4
   Lair: D:8-11         Orc: D:9-12

Altars:
Elyvilon
Fedhas
Kikubaaqudgha
Qazlal
Trog
Uskayaw
Yredelemnul
The Shining One

Annotations:
D:3 3 runed translucent doors, qw's ghost, amateur TrCA
D:8 2 runed translucent doors
D:9 Harold


Message History

The gnoll is burned by your cloak of flames.
The gnoll is severely wounded.
The acid dragon closely misses you.
The acid dragon claws you but does no damage.
The acid dragon is burned by your cloak of flames.
The acid dragon is moderately wounded.
The gnoll throws a throwing net.
The throwing net hits you.
You become entangled in the net!
The gnoll sergeant hits you but does no damage.
Harold hits you with a +0 mace!!
Harold is burned by your cloak of flames.
Harold is almost dead.
A kobold comes into view.
It is wielding a +1 short sword of speed.
You struggle against the net.
You feel sick.
The centaur wields a +0 shortbow.
The centaur shoots an arrow.
The arrow hits you but does no damage. The gnoll hits you but does no damage.
The gnoll is burned by your cloak of flames.
You kill the gnoll!
A gnoll comes into view. It is wielding a +0 spear.
The gnoll sergeant hits you but does no damage.
The acid dragon bites you but does no damage.
The acid dragon is burned by your cloak of flames.
The acid dragon is heavily wounded.
The acid dragon claws you but does no damage.
The acid dragon is burned by your cloak of flames.
The acid dragon is heavily wounded.
The gnoll hits you but does no damage.
You are more poisoned.
Harold hits you with a +0 mace!
Harold is burned by your cloak of flames.
Harold is almost dead.
The centaur unwields a +0 shortbow.
The centaur hits you but does no damage.
The centaur is burned by your cloak of flames.
The centaur is lightly wounded.
The centaur barely misses you.
You struggle against the net.
You feel very sick.
The centaur shoots an arrow.
The arrow hits you.
You die...

#.# #... ##>..
.K.. #K.## ##..K.
##....#######
.c#...D@K.#...
#......@.g#.###
.......)cgg.#.##.
......###g.#.#.#.
..#...# #.....#..
. ##..###..#...#.
##..........<.
#.###..##.### #.#
#..##.# ##### #.#
#.....# #^^_.


You could see Harold, an acid dragon, a kobold brigand, a gnoll sergeant, 2
centaurs, 3 gnolls and 3 kobolds.

Vanquished Creatures
  Pikel (D:6)
  A hornet (D:7)
  2 wyverns
  2 steam dragons
  A water moccasin (D:7)
  A sky beast (D:6)
  2 black bears
  2 ice beasts (D:5)
  An orc warrior (D:7)
  An ogre (D:5)
  5 centaurs
  2 lemures (D:6)
  A phantom (D:5)
  3 bullfrogs
  2 kobold brigands
  4 necrophages
  A gnoll sergeant (D:6)
  A scorpion (D:7)
  3 wights (D:7)
  5 killer bees (D:7)
  A howler monkey (D:6)
  2 hounds
  2 orc priests
  4 jellies
  4 orc wizards
  5 gnolls
  6 adders
  5 river rats (D:6)
  A shadow imp (D:6)
  An ufetubus (D:5)
  5 worms
  3 dart slugs
  10 orcs
  7 ball pythons
  7 endoplasms
  3 giant cockroaches
  8 goblins
  7 hobgoblins
  7 quokkas
  5 bats (D:2)
  3 frilled lizards
  15 kobolds
  22 rats
  A spectral orc (D:9)
175 creatures vanquished.

Vanquished Creatures (others)
  A fungus (D:2)
  A plant (D:2)
2 creatures vanquished.

Grand Total: 177 creatures vanquished

Notes
Turn   | Place    | Note
-------+----------+-------------------------------------------
     0 | D:1      | qw the Troll Cinder Acolyte began the quest for the Orb.
     0 | D:1      | Reached XP level 1. HP: 22/22 MP: 1/1
     0 | D:1      | 0 ||| qw: Version: 0.1-a-97-g2dd2ca4
     0 | D:1      | 0 ||| qw: Game counter: 4925
     0 | D:1      | 0 ||| qw: Always use a shield: true
     0 | D:1      | 0 ||| qw: God list: Okawaru
     0 | D:1      | 0 ||| qw: Allow faded altars: false
     0 | D:1      | 0 ||| qw: Do Orc after D:15 true
     0 | D:1      | 0 ||| qw: Do second Lair branch before Depths: true
     0 | D:1      | 0 ||| qw: Lair rune preference: random
     0 | D:1      | 0 ||| qw: Plans: Normal
     0 | D:1      | 0 ||| PLANNING D:1-11
    96 | D:1      | 96 ||| Stepping ~*~*~tactically~*~*~ (stealth).
    98 | D:1      | 98 ||| Stepping ~*~*~tactically~*~*~ (hiding).
   133 | D:1      | Reached XP level 2. HP: 29/29 MP: 2/2
   256 | D:1      | 256 ||| Stepping ~*~*~tactically~*~*~ (outnumbered).
   257 | D:1      | 257 ||| Stepping ~*~*~tactically~*~*~ (outnumbered).
   275 | D:1      | 275 ||| Stepping ~*~*~tactically~*~*~ (stealth).
   277 | D:1      | 277 ||| Stepping ~*~*~tactically~*~*~ (stealth).
   284 | D:1      | Reached skill level 4 in Unarmed Combat
   653 | D:1      | 653 ||| READING scroll labelled JAAWKO KAMAA.
   654 | D:1      | 654 ||| READING scroll labelled JOULI WEUVUPH.
   717 | D:2      | Reached XP level 3. HP: 36/36 MP: 3/3
   729 | D:2      | Found a faded altar of an unknown god.
  1340 | D:2      | 1340 ||| READING scroll labelled HOANAG CYOD.
  1341 | D:2      | 1341 ||| READING scroll labelled SUSTRY ZAUSO.
  1342 | D:2      | 1342 ||| READING 2 scrolls labelled NUIHEE ACLOAQAK.
  1345 | D:2      | 1345 ||| READING scroll labelled ACATONUCYKH.
  1363 | D:2      | 1363 ||| READING scroll labelled IQEOPU WIENGAC.
  1364 | D:2      | 1364 ||| DRINKING 3 fuming yellow potions.
  1389 | D:3      | 1389 ||| STAIRDANCE
  1479 | D:3      | 1479 ||| Stepping ~*~*~tactically~*~*~ (hiding).
  1480 | D:3      | 1480 ||| Stepping ~*~*~tactically~*~*~ (hiding).
  1500 | D:3      | Found a runed translucent gate.
  1500 | D:3      | Found a runed translucent gate.
  1500 | D:3      | Found a runed translucent gate.
  1541 | D:3      | 1541 ||| Stepping ~*~*~tactically~*~*~ (stealth).
  1624 | D:3      | Reached XP level 4. HP: 40/44 MP: 4/4
  1635 | D:3      | Found an ancient bone altar of Kikubaaqudgha.
  1650 | D:3      | 1650 ||| Stepping ~*~*~tactically~*~*~ (stealth).
  1651 | D:3      | 1651 ||| Stepping ~*~*~tactically~*~*~ (stealth).
  1664 | D:3      | Reached skill level 5 in Unarmed Combat
  1718 | D:3      | Noticed qw's ghost (amateur TrCA)
  1885 | D:3      | 1885 ||| UPGRADING to +0 cloak.
  1890 | D:3      | 1890 ||| READING scroll labelled IFETRU TAKHAO.
  1891 | D:3      | 1891 ||| READING 2 scrolls labelled ZUROLI OKLUUME.
  1892 | D:3      | 1892 ||| DRINKING 2 golden potions.
  1893 | D:3      | 1893 ||| READING 2 scrolls of identify.
  1893 | D:3      | 1893 ||| IDENTIFYING fuming ruby potion
  1894 | D:3      | 1894 ||| DROPPING potion of flight.
  1895 | D:3      | 1895 ||| DROPPING scroll of fear.
  2115 | D:4      | 2115 ||| Stepping ~*~*~tactically~*~*~ (stealth).
  2171 | D:4      | Found a staircase to the Ecumenical Temple.
  2172 | D:4      | 2172 ||| Stepping ~*~*~tactically~*~*~ (hiding).
  2173 | D:4      | 2173 ||| Stepping ~*~*~tactically~*~*~ (hiding).
  2178 | D:4      | Reached XP level 5. HP: 50/50 MP: 5/5
  2458 | D:4      | Reached skill level 1 in Throwing
  2476 | D:4      | Identified the +1 ring mail of the Archfiend {Regen+ Dex+4
                  | Stlth-}
  2488 | D:4      | Reached skill level 6 in Unarmed Combat
  2722 | D:4      | Noticed a black bear
  2729 | D:4      | Killed a black bear
  2730 | D:4      | Reached XP level 6. HP: 59/59 MP: 6/6
  2897 | D:4      | 2897 ||| DROPPING +0 cloak of preservation.
  2898 | D:4      | 2898 ||| READING 2 scrolls labelled ESIARO XIPNE.
  2899 | D:4      | 2899 ||| READING scroll labelled DAHAOT TEMM.
  2900 | D:4      | 2900 ||| READING scroll labelled GAWIEH ROANK.
  2901 | D:4      | 2901 ||| READING 2 scrolls labelled FEYKOI GEACOE.
  2902 | D:4      | 2902 ||| READING scroll of enchant armour.
  2902 | D:4      | 2902 ||| ENCHANTING +0 cloak.
  2903 | D:4      | 2903 ||| DRINKING 3 sedimented cyan potions.
  2904 | D:4      | 2904 ||| DRINKING 2 black potions.
  2905 | D:4      | 2905 ||| READING 2 scrolls of identify.
  2905 | D:4      | 2905 ||| IDENTIFYING amethyst potion
  2906 | D:4      | 2906 ||| DROPPING potion of invisibility.
  2907 | D:4      | 2907 ||| DROPPING 2 potions of magic.
  2908 | D:4      | 2908 ||| DROPPING scroll of poison.
  2909 | D:4      | 2909 ||| READING scroll of teleportation.
  2935 | D:5      | Entered Level 5 of the Dungeon
  2946 | D:5      | Reached skill level 7 in Unarmed Combat
  3096 | D:5      | Reached XP level 7. HP: 63/66 MP: 7/7
  3101 | D:5      | 3101 ||| Stepping ~*~*~tactically~*~*~ (stealth).
  3174 | D:5      | Reached skill level 8 in Unarmed Combat
  3181 | D:5      | Reached skill level 3 in Fighting
  3228 | D:5      | Found a glowing golden altar of the Shining One.
  3355 | D:5      | 3355 ||| READING scroll of enchant armour.
  3355 | D:5      | 3355 ||| ENCHANTING +1 cloak.
  3419 | D:5      | 3419 ||| UPGRADING to amulet of regeneration.
  3424 | D:5      | 3424 ||| UPGRADING to ring of protection from cold.
  3425 | D:5      | 3425 ||| READING scroll labelled MUORUOM BOELAKK.
  3426 | D:5      | 3426 ||| DRINKING 2 sedimented inky potions.
  3426 | D:5      | Gained mutation: You are weak. (Str -2) [potion of
                  | mutation]
  3426 | D:5      | Gained mutation: Your spells are a little harder to cast,
                  | but a little more powerful. [potion of mutation]
  3426 | D:5      | Gained mutation: Your mind is acute. (Int +4, Str/Dex -1)
                  | [potion of mutation]
  3427 | D:5      | 3427 ||| READING 3 scrolls of identify.
  3427 | D:5      | 3427 ||| IDENTIFYING purple potion
  3428 | D:5      | 3428 ||| READING 2 scrolls of identify.
  3428 | D:5      | 3428 ||| IDENTIFYING pink potion
  3429 | D:5      | 3429 ||| DROPPING potion of degeneration.
  3448 | D:6      | Identified the +12 falchion "Paret" {vorpal, Str+5 Int+4}
  3464 | D:6      | Noticed Pikel
  3465 | D:6      | 3465 ||| Stepping ~*~*~tactically~*~*~ (stealth).
  3468 | D:6      | 3468 ||| Stepping ~*~*~tactically~*~*~ (hiding).
  3470 | D:6      | 3470 ||| Stepping ~*~*~tactically~*~*~ (hiding).
  3472 | D:6      | 3472 ||| Stepping ~*~*~tactically~*~*~ (hiding).
  3475 | D:6      | 3475 ||| INVOKING Fiery Armour.
  3478 | D:6      | Reached skill level 9 in Unarmed Combat
  3482 | D:6      | 3482 ||| Stepping ~*~*~tactically~*~*~ (outnumbered).
  3486 | D:6      | 3486 ||| Stepping ~*~*~tactically~*~*~ (outnumbered).
  3487 | D:6      | 3487 ||| Stepping ~*~*~tactically~*~*~ (outnumbered).
  3488 | D:6      | 3488 ||| Stepping ~*~*~tactically~*~*~ (outnumbered).
  3489 | D:6      | 3489 ||| Stepping ~*~*~tactically~*~*~ (outnumbered).
  3492 | D:6      | 3492 ||| Stepping ~*~*~tactically~*~*~ (outnumbered).
  3493 | D:6      | 3493 ||| Stepping ~*~*~tactically~*~*~ (outnumbered).
  3494 | D:6      | 3494 ||| Stepping ~*~*~tactically~*~*~ (outnumbered).
  3495 | D:6      | 3495 ||| Stepping ~*~*~tactically~*~*~ (outnumbered).
  3500 | D:6      | 3500 ||| Stepping ~*~*~tactically~*~*~ (outnumbered).
  3501 | D:6      | 3501 ||| Stepping ~*~*~tactically~*~*~ (outnumbered).
  3502 | D:6      | 3502 ||| Stepping ~*~*~tactically~*~*~ (outnumbered).
  3503 | D:6      | 3503 ||| Stepping ~*~*~tactically~*~*~ (outnumbered).
  3504 | D:6      | 3504 ||| Stepping ~*~*~tactically~*~*~ (outnumbered).
  3505 | D:6      | 3505 ||| Stepping ~*~*~tactically~*~*~ (outnumbered).
  3506 | D:6      | 3506 ||| Stepping ~*~*~tactically~*~*~ (outnumbered).
  3507 | D:6      | 3507 ||| STAIRDANCE
  3507 | D:6      | Killed Pikel
  3508 | D:6      | Reached XP level 8. HP: 65/75 MP: 8/8
  3519 | D:5      | 3519 ||| READING 2 scrolls of identify.
  3519 | D:5      | 3519 ||| IDENTIFYING blue potion
  3520 | D:5      | 3520 ||| DROPPING potion of brilliance.
  3530 | D:6      | 3530 ||| STAIRDANCE
  3650 | D:6      | 3650 ||| Stepping ~*~*~tactically~*~*~ (hiding).
  3660 | D:6      | 3660 ||| Stepping ~*~*~tactically~*~*~ (stealth).
  3678 | D:6      | Found a bloodstained altar of Trog.
  3690 | D:6      | 3690 ||| Stepping ~*~*~tactically~*~*~ (stealth).
  3699 | D:6      | Reached skill level 10 in Unarmed Combat
  3706 | D:6      | 3706 ||| Stepping ~*~*~tactically~*~*~ (stealth).
  3708 | D:6      | 3708 ||| Stepping ~*~*~tactically~*~*~ (hiding).
  3723 | D:6      | 3723 ||| Stepping ~*~*~tactically~*~*~ (outnumbered).
  3755 | D:6      | 3755 ||| INVOKING Fiery Armour.
  3984 | D:6      | 3984 ||| READING 2 scrolls of identify.
  3984 | D:6      | 3984 ||| IDENTIFYING murky black potion
  3985 | D:6      | 3985 ||| DROPPING potion of attraction.
  4032 | D:7      | 4032 ||| Stepping ~*~*~tactically~*~*~ (hiding).
  4038 | D:7      | 4038 ||| INVOKING Fiery Armour.
  4040 | D:7      | Found a flagged portal.
  4042 | D:7      | 4042 ||| Stepping ~*~*~tactically~*~*~ (outnumbered).
  4048 | D:7      | 4048 ||| Stepping ~*~*~tactically~*~*~ (outnumbered).
  4049 | D:7      | 4049 ||| Stepping ~*~*~tactically~*~*~ (outnumbered).
  4052 | D:7      | Reached XP level 9. HP: 76/84 MP: 9/9
  4052 | D:7      | 4052 ||| DRINKING 3 potions of curing.
  4052 | D:7      | 4052 ||| (to cure confusion)
  4086 | D:7      | 4086 ||| Stepping ~*~*~tactically~*~*~ (outnumbered).
  4087 | D:7      | 4087 ||| Stepping ~*~*~tactically~*~*~ (outnumbered).
  4194 | D:7      | Found a hide-covered altar of Uskayaw.
  4253 | D:7      | 4253 ||| Stepping ~*~*~tactically~*~*~ (hiding).
  4254 | D:7      | 4254 ||| Stepping ~*~*~tactically~*~*~ (hiding).
  4262 | D:7      | 4262 ||| Stepping ~*~*~tactically~*~*~ (outnumbered).
  4263 | D:7      | 4263 ||| Stepping ~*~*~tactically~*~*~ (outnumbered).
  4264 | D:7      | 4264 ||| Stepping ~*~*~tactically~*~*~ (outnumbered).
  4265 | D:7      | 4265 ||| Stepping ~*~*~tactically~*~*~ (outnumbered).
  4267 | D:7      | Reached skill level 11 in Unarmed Combat
  4440 | D:7      | Reached skill level 1 in Dodging
  4468 | D:7      | 4468 ||| INVOKING Fiery Armour.
  4469 | D:7      | HP: 19/83 [poisoned by a hornet]
  4470 | D:7      | 4470 ||| READING scroll of teleportation.
  4471 | D:7      | 4471 ||| DRINKING potion of heal wounds.
  4474 | D:7      | HP: 15/84 [poisoned by a hornet]
  4479 | D:7      | HP: 20/84 [poisoned by a hornet]
  4606 | D:7      | 4606 ||| Stepping ~*~*~tactically~*~*~ (hiding).
  4623 | D:7      | 4623 ||| Stepping ~*~*~tactically~*~*~ (stealth).
  4694 | D:7      | Found a stormy altar of Qazlal.
  4777 | D:7      | Reached skill level 12 in Unarmed Combat
  4780 | D:7      | 4780 ||| INVOKING Fiery Armour.
  4782 | D:7      | HP: 21/84 [killer bee (1)]
  4786 | D:7      | HP: 9/85 [poisoned by a killer bee]
  4791 | D:7      | HP: 13/85 [poisoned by a killer bee]
  4919 | D:7      | Found a white marble altar of Elyvilon.
  5028 | D:7      | 5028 ||| UPGRADING to +0 steam dragon scales.
  5038 | D:7      | 5038 ||| DROPPING +0 robe.
  5039 | D:7      | 5039 ||| READING scroll labelled MIBEH LASAO.
  5222 | D:8      | 5222 ||| Stepping ~*~*~tactically~*~*~ (hiding).
  5227 | D:8      | Reached skill level 1 in Armour
  5244 | D:8      | 5244 ||| Stepping ~*~*~tactically~*~*~ (stealth).
  5248 | D:8      | 5248 ||| Stepping ~*~*~tactically~*~*~ (outnumbered).
  5249 | D:8      | 5249 ||| Stepping ~*~*~tactically~*~*~ (outnumbered).
  5252 | D:8      | 5252 ||| Stepping ~*~*~tactically~*~*~ (outnumbered).
  5253 | D:8      | 5253 ||| Stepping ~*~*~tactically~*~*~ (outnumbered).
  5255 | D:8      | 5255 ||| Stepping ~*~*~tactically~*~*~ (outnumbered).
  5258 | D:8      | 5258 ||| Stepping ~*~*~tactically~*~*~ (outnumbered).
  5394 | D:8      | Found a large runed translucent door.
  5412 | D:8      | Found a blossoming altar of Fedhas.
  5431 | D:8      | 5431 ||| READING scroll of enchant armour.
  5431 | D:8      | 5431 ||| ENCHANTING +0 steam dragon scales.
  5480 | D:8      | Reached XP level 10. HP: 92/96 MP: 10/10
  5914 | D:8      | Found a large runed translucent door.
  5996 | D:8      | 5996 ||| DROPPING scarf of harm.
  6099 | D:9      | Identified the +1 robe of Day {Will+ Slay+3}
  6128 | D:9      | Found a basalt altar of Yredelemnul.
  6178 | D:9      | Noticed Harold
  6182 | D:9      | 6182 ||| Stepping ~*~*~tactically~*~*~ (outnumbered).
  6183 | D:9      | 6183 ||| INVOKING Fiery Armour.
  6187 | D:9      | HP: 20/96 [Harold/+0 mace (18)]
  6188 | D:9      | HP: 6/96 [Harold/+0 mace (14)]
  6189 | D:9      | Shot with an arrow by a centaur

Levels and vault maps discovered:
D:1:      elethiomel_arrival_infinity_welcomes_careful_drivers, layout_rooms,
          grunt_decor_arrowhead, bh_walls_and_bars
D:2:      layout_loops_ring, shapermc_ecumenical_altar_mp_ritualfount
D:3:      layout_basic, nicolae_kikubaaqudgha_miasma_corner,
          gammafunk_ghost_necromancy
D:4:      wad_crossroads, layout_basic, minmay_temple_entry_proselytizer,
          kennysheep_generic_room_12
D:5:      layout_rooms, mainiacjoe_overflow_tiny_flanked, st_stairs_3,
          grunt_ministairs_13
D:6:      layout_rooms, lemuel_doored_altar, dk_rats_in_the_wall, uniq_pikel
D:7:      layout_basic, general_overflow_altar,
          mainiacjoe_overflow_catwalk_spiral, enter_bailey_3, st_stairs_4
D:8:      layout_basic, fedhas_altar_2, jmf_multi_god_temple2
D:9:      layout_loops_ring, yredelemnul_forgotten_temple_becter,
          gammafunk_ghost_icy, nicolae_diode_quadrants, uniq_harold

Skill      XL: |  1  2  3  4  5  6  7  8  9 |
---------------+----------------------------+-----
Unarmed Combat | 4 5 6 7 9 10 12 | 12.4
Throwing       | 1 4 |  4.9
Fighting       | 3 4 5 |  5.0
Dodging        | 1 |  1.3
Armour         | 1 |  1.3
Spellcasting   | |  1.0
Fire Magic     | |  2.1

Action                   |  1- 3 |  4- 6 |  7- 9 | 10-12 || total
-------------------------+-------+-------+-------+-------++-------
Melee: Unarmed           |   108 |    54 |   211 |    13 ||   386
       Punch             |     2 |     1 |     5 |     1 ||     9
Throw: Boomerang         |    27 |    34 |    27 |       ||    88
       Javelin           |       |    10 |    30 |     2 ||    42
Invok: Fiery Armour      |       |       |     5 |     1 ||     6
  Use: Scroll            |     7 |    10 |     9 |       ||    26
       Potion            |     1 |     3 |     3 |       ||     7
Armor: Robe              |    23 |     9 |    75 |       ||   107
       Steam dragon scal |       |       |    13 |    20 ||    33
Dodge: Dodged            |    36 |    14 |    99 |    13 ||   162

Table legend:
 A = Non-vault XP
 B = Vault XP
 C = Vault XP percentage of total XP
 D = Non-vault monster count
 E = Vault monster count
 F = Vault count percentage of total count
                 A         B        C        D         E       F
            +---------+---------+-------+---------+---------+-------
      Total |    4716 |    1170 |  19.9 |     134 |      39 |  22.5
            +---------+---------+-------+---------+---------+-------
        D:1 |      35 |       0 |   0.0 |      21 |       0 |   0.0
        D:2 |      33 |       0 |   0.0 |      17 |       0 |   0.0
        D:3 |      49 |       0 |   0.0 |      15 |       0 |   0.0
        D:4 |     291 |      50 |  14.7 |      13 |       6 |  31.6
        D:5 |     526 |     167 |  24.1 |       9 |       3 |  25.0
        D:6 |     811 |     700 |  46.3 |      18 |      22 |  55.0
        D:7 |    1783 |     252 |  12.4 |      24 |       7 |  22.6
        D:8 |     847 |       0 |   0.0 |      14 |       0 |   0.0
        D:9 |     341 |       1 |   0.3 |       3 |       1 |  25.0
            +---------+---------+-------+---------+---------+-------
